 Dungeon Crawl Stone Soup version 0.27-a0-1149-g4505690ab0 (webtiles) character file.

Game seed: 1691464850882544468

272 leviel the Ruffian (level 6, -7/53 HPs)
             Began as a Ghoul Monk on May 13, 2021.
             Mangled by an ogre
             ... wielding a +0 giant club
              (25 damage)
             ... on level 4 of the Dungeon.
             The game lasted 00:04:24 (4235 turns).

leviel the Ruffian (Ghoul Monk)                     Turns: 4235, Time: 00:04:25

Health: -7/53      AC: 11    Str: 17    XL:     6   Next: 23%
Magic:  5/5        EV:  5    Int:  5    God:
Gold:   201        SH:  0    Dex: 11    Spells: 5/5 levels left

rFire    . . .     SeeInvis +     - Unarmed
rCold    + . .     Faith    .   (no shield)
rNeg     + + +     Spirit   .   d - +0 plate armour
rPois    ∞         Reflect  .   (no helmet)
rElec    .         Harm     .   k - +0 cloak
rCorr    .         Rampage  .   (no gloves)
Will     .....                  (no boots)
Stlth    ..........             (no amulet)
HPRegen  0.00/turn              i - ring of see invisible
MPRegen  0.09/turn              (no ring)

@: no status effects
A: claws 1, cold resistance 1, negative energy resistance 3, inhibited
regeneration, torment resistance 2
a: no special abilities


You were on level 4 of the Dungeon.
You visited 1 branch of the dungeon, and saw 4 of its levels.

You collected 229 gold pieces.
You spent 28 gold pieces at shops.

Inventory:

Missiles
 f - 3 atropa-tipped darts (quivered)
Armour
 d - a +0 plate armour (worn)
 k - a +0 cloak (worn)
Jewellery
 i - a ring of see invisible (left claw)
Scrolls
 a - a scroll of teleportation
 e - a scroll of noise {unknown}
 g - 4 scrolls of identify {@r1}
 l - a scroll of holy word {unknown}
Potions
 b - a potion of degeneration
 c - a potion of flight
 h - a potion of brilliance {unknown}
 j - a potion of resistance {unknown}


   Skills:
 + Level 4.6 Fighting
 + Level 3.8 Dodging
 + Level 4.1 Stealth
 + Level 4.7 Unarmed Combat


You had 5 spell levels left.
You didn't know any spells.
Your spell library contained the following spells:

 Spells                   Type           Power      Damage    Failure   Level
 Magic Dart               Conj           0%         1d3       100%        1
 Blink                    Tloc           N/A        N/A       100%        2
 Call Imp                 Summ           0%         N/A       100%        2
 Slow                     Hex            0%         N/A       100%        2
 Conjure Flame            Conj/Fire      0%         6-21      100%        3
 Mephitic Cloud           Conj/Pois/Air  0%         N/A       100%        3


Dungeon Overview and Level Annotations

Branches:
Dungeon (4/15)
 Temple: D:4-7

Altars:
Nemelex Xobeh
Xom

Shops:
D:2 [:*   D:3 (


Innate Abilities, Weirdness & Mutations

You thrive by killing the living.
You are immune to poison.
You have sharp fingernails.
Your flesh is cold resistant. (rC+)
You are immune to negative energy. (rN+++)
You do not regenerate when monsters are visible.
You are immune to unholy pain and torment.


Message History

An ogre comes into view. It is wielding a +0 giant club.
No target in view!
No target in view!
An ogre is nearby!
The ogre hits you with a +0 giant club!
You scratch the ogre.
The ogre is lightly wounded.
The ogre hits you with a +0 giant club!
You scratch the ogre.
The ogre is lightly wounded.
You claw the ogre!
The ogre is heavily wounded.
The ogre hits you with a +0 giant club.
You barely miss the ogre.
The ogre is heavily wounded.
The ogre closely misses you.
You barely miss the ogre.
The ogre is heavily wounded.
The ogre hits you with a +0 giant club!
You are too injured to fight recklessly!
You are too injured to fight recklessly!
You are too injured to fight recklessly!
You are too injured to fight recklessly!
You are too injured to fight recklessly!
You are too injured to fight recklessly!
You are too injured to fight recklessly!
You are too injured to fight recklessly!
You are too injured to fight recklessly!
You are too injured to fight recklessly!
You are too injured to fight recklessly!
You are too injured to fight recklessly!
You scratch the ogre.
The ogre is severely wounded.
You scratch the ogre.
The ogre is severely wounded.
The ogre barely misses you.
You scratch the ogre.
The ogre is almost dead.
The ogre hits you with a +0 giant club!!
You die...

.## ..## #..# ####
##..# ##..####O..#
#......@..#
#........)##
#..........## ..
########....######.>
##.[....#...#
##..........#
#........##
#..##....#
#..###....#


You could see an ogre.

Vanquished Creatures
  2 orc priests (D:3)
  Terence (D:2)
  4 gnolls (D:3)
  5 adders
  A shadow imp (D:3)
  A white imp (D:4)
  2 worms (D:2)
  3 dart slugs
  6 orcs (D:3)
  7 ball pythons
  2 bats
  4 endoplasms
  5 giant cockroaches
  3 goblins
  9 hobgoblins
  3 jackals (D:2)
  7 kobolds
  4 quokkas
  A frilled lizard (D:3)
  4 rats
74 creatures vanquished.

Vanquished Creatures (others)
  An adder (D:3)
  An orc (D:3)
  A ball python (D:3)
  A giant cockroach (D:3)
  A goblin (D:3)
  A kobold (D:3)
6 creatures vanquished.

Grand Total: 80 creatures vanquished

Notes
Turn   | Place    | Note
-------+----------+-------------------------------------------
     0 | D:1      | leviel the Ghoul Monk began the quest for the Orb.
     0 | D:1      | Reached XP level 1. HP: 19/19 MP: 0/0
    87 | D:1      | Reached XP level 2. HP: 10/26 MP: 1/1
   373 | D:1      | You fall into a shaft and drop 1 floor!
   857 | D:1      | Reached XP level 3. HP: 28/31 MP: 2/2
  1324 | D:2      | Found Xorchasm's General Store.
  1378 | D:2      | Bought a scroll of identify for 28 gold pieces
  1454 | D:2      | Reached XP level 4. HP: 31/40 MP: 3/3
  1531 | D:2      | Found Evoreire's Book Boutique.
  1663 | D:2      | Noticed Terence
  1705 | D:2      | Killed Terence
  2136 | D:2      | Found Ovusuex's Antique Armour Emporium.
  2618 | D:3      | Reached XP level 5. HP: 46/46 MP: 4/4
  2700 | D:3      | Found Kuwaevis's Weapon Emporium.
  2708 | D:3      | Found a shimmering altar of Xom.
  3314 | D:3      | Reached XP level 6. HP: 51/53 MP: 5/5
  3323 | D:3      | Found a faded altar of an unknown god.
  3846 | D:3      | Found a sparkling altar of Nemelex Xobeh.
  4235 | D:4      | Mangled by an ogre

Illustrated notes

Levels and vault maps discovered:
D:1:      dpeg_arrival_fog, layout_loops_cross
D:2:      layout_loops_ring, serial_shops, shop, shop, shop_statue,
          hangedman_decor_peaks_small, minmay_cut_off, uniq_terence
D:3:      layout_basic, xom_confusion_cloud, nicolae_overflow_hidden_temple,
          serial_shops, shop, ebering_ecumenical_altar_hall
D:4:      layout_layer_cave, serial_shops, nicolae_shop_statue_plus

Skill      XL: |  1  2  3  4  5 |
---------------+----------------+-----
Dodging        | 3 |  3.8
Stealth        | 3 4 |  4.1
Fighting       | 4 |  4.6
Unarmed Combat | 4 |  4.7

Action                   |  1- 3 |  4- 6 || total
-------------------------+-------+-------++-------
Melee: Unarmed           |   130 |   208 ||   338
       Punch             |     2 |     3 ||     5
Throw: Throwing net      |       |     1 ||     1
  Use: Scroll            |     4 |       ||     4
       Potion            |       |     1 ||     1
Armor: Robe              |     8 |       ||     8
       Plate armour      |    76 |   124 ||   200
Dodge: Dodged            |    39 |    35 ||    74

Table legend: (Time is in decaauts)
 A = Elapsed time spent in this place.
 B = Non-inter-level travel time spent in this place.
 C = Inter-level travel time spent in this place.
 D = Time resting spent in this place.
 E = Time spent auto-exploring this place.
 F = Levels seen in this place.
 G = Mean time per level.
                   A        B        C        D        E       F      G
               +--------+--------+--------+--------+--------+-----+--------+
         Total |   4210 |   4057 |    153 |    987 |   2512 |   4 | 1052.5 |
       Dungeon |   4210 |   4057 |    153 |    987 |   2512 |   4 | 1052.5 |
               +--------+--------+--------+--------+--------+-----+--------+

Top non-repeatable levels by time:
     D:3: 1519 daAuts
     D:2: 1503 daAuts
     D:1: 987 daAuts
     D:4: 199 daAuts
